[Event "12. Magyar E-mail Elõdöntõ"]
[Site "E4EC"]
[Date "2004.04.14"]
[Round "1"]
[White "Kerekes, Jozsef"]
[Black "Szabó, Zsolt"]
[Board "2945"]
[TimeControl "10/40"]
[WhiteElo "2282"]
[BlackElo "2275"]
[WhiteCountry "YUG"]
[BlackCountry "HUN"]
[Result "0-1"]

1.d4 Nf6 2.c4 g6 3.Nc3 d5 4.e3 Bg7 5.Nf3 O-O 6.b4 b6 7.Bb2 c5
8.bxc5 bxc5 9.Rc1 cxd4 10.Nxd4 Bb7 11.Qb3 Qb6 12.c5 Qxb3 13.axb3 e5
14.Ndb5 Ne8 15.Bd3 a6 16.Na3 Nd7 17.Na4 Bc6 18.Nb6 Rb8 19.Nxd7 Bxd7
20.Bc2 Nc7 21.O-O Rfc8 22.Rfd1 Bf5 23.Bxf5 gxf5 24.Nb1 Rxb3 25.Ba1 Ne6
26.Rxd5 Rxc5 27.Rdxc5 Nxc5 28.Kf1 Bf8 29.Nd2 Rb5 30.Ke2 f6 31.Rc2 Kf7
32.Bb2 Ne6 33.g3 a5 34.Nc4 a4 35.h4 Rb3 36.Na5 Rb8 37.Nc4 Kg6
38.Ba3 Bxa3 39.Nxa3 Rb3 40.Nc4 f4 41.gxf4 exf4 42.Rc1 h6 43.Rd1 Nc7
44.Nd2 Rb2 45.Kd3 Rb4 46.Rc1 Nb5 47.Rc6 a3 48.Ra6 Kf5 49.f3 fxe3
50.Kxe3 Ke5 51.h5 f5 52.Ra5 Kd5 0-1

[Event "12. Magyar E-mail Elõdöntõ"]
[Site "E4EC"]
[Date "2004.04.14"]
[Round "1"]
[White "Kerekes, Jozsef"]
[Black "Vecsei, Vilmos"]
[Board "2946"]
[TimeControl "10/40"]
[WhiteElo "2282"]
[BlackElo "1800"]
[WhiteCountry "YUG"]
[BlackCountry "HUN"]
[Result "1/2-1/2"]

1.d4 c6 2.e4 g6 3.Nc3 d5 4.Nf3 dxe4 5.Nxe4 Bg7 6.h3 Nd7 7.Bc4 Ngf6
8.Nxf6+ Nxf6 9.O-O O-O 10.Re1 Bf5 11.c3 Be4 12.Ne5 Bd5 13.Bd3 Re8
14.Bf4 Nd7 15.Qe2 f6 16.Nxd7 Qxd7 17.c4 Bf7 18.Be3 f5 19.Rad1 Qc7
20.Qd2 e5 21.dxe5 Bxe5 22.b3 f4 23.Bc5 b6 1/2-1/2

[Event "12. Magyar E-mail Elõdöntõ"]
[Site "E4EC"]
[Date "2004.04.14"]
[Round "1"]
[White "Kerekes, Jozsef"]
[Black "Barna, Tamás"]
[Board "2947"]
[TimeControl "10/40"]
[WhiteElo "2282"]
[BlackElo "1800"]
[WhiteCountry "YUG"]
[BlackCountry "HUN"]
[Result "1/2-1/2"]

1.d4 d5 2.c4 Nf6 3.Nf3 e6 4.Nc3 c6 5.Bg5 h6 6.Bxf6 Qxf6 7.e3 Nd7
8.Bd3 dxc4 9.Bxc4 b5 10.Bd3 Bb4 11.Qb3 a5 12.a3 Bxc3+ 13.Qxc3 Bb7
14.Rc1 O-O 15.O-O Qe7 16.e4 b4 17.Qb3 Rfc8 18.axb4 Qxb4 19.Qxb4 axb4
20.Rfd1 c5 21.Bb5 Nf6 22.dxc5 Bxe4 23.Nd4 e5 24.Nb3 Bd5 1/2-1/2

[Event "12. Magyar E-mail Elõdöntõ"]
[Site "E4EC"]
[Date "2004.04.14"]
[Round "1"]
[White "Kerekes, Jozsef"]
[Black "Tóth, István"]
[Board "2948"]
[TimeControl "10/40"]
[WhiteElo "2282"]
[BlackElo "2027"]
[WhiteCountry "YUG"]
[BlackCountry "HUN"]
[Result "1-0"]

1.Nf3 d5 2.d4 Nf6 3.c4 dxc4 4.e3 Be6 5.Nc3 c6 6.Ng5 Qd7 7.e4 b5
8.f3 h6 9.Nxe6 Qxe6 10.a4 Nd5 11.Nxd5 cxd5 12.axb5 Nd7 13.b3 Nb6
14.bxc4 dxc4 15.Be3 Qd7 16.d5 Qxb5 17.Bxb6 Qb4+ 18.Qd2 Qxb6
19.Bxc4 Rb8 20.Ke2 Qc7 21.Qa2 Rb4 22.Rac1 Kd8 23.Rc2 a5 24.Rhc1 Qb6
25.d6 exd6 26.Bxf7 Qb5+ 27.Ke1 d5 28.Rc8+ Ke7 29.Bxd5 Ra4 30.Qf2 1-0